 Dungeon Crawl Stone Soup version 0.27.1-3-gb3d3a73c9e (webtiles) character file.

Game seed: 4597030352469805655

15 Urokeeper the Bolt Thrower (level 2, -1/17 HPs)
             Began as a Kobold Hunter on Oct 14, 2021.
             Slain by a quokka (4 damage)
             ... on level 1 of the Dungeon.
             The game lasted 00:01:30 (602 turns).

Urokeeper the Bolt Thrower (Kobold Hunter)           Turns: 602, Time: 00:01:31

Health: -1/17      AC:  3    Str:  9    XL:     2   Next: 65%
Magic:  2/2        EV: 14    Int: 12    God:
Gold:   0          SH:  0    Dex: 15    Spells: 1/1 levels left

rFire    . . .     SeeInvis .   b - +0 short sword
rCold    . . .     Faith    .   (shield restricted)
rNeg     . . .     Spirit   .   c - +0 leather armour
rPois    .         Reflect  .   (no helmet)
rElec    .         Harm     .   (no cloak)
rCorr    .         Rampage  .   (no gloves)
Will     .....                  (no boots)
Stlth    +++.......             (no amulet)
HPRegen  0.05/turn              (no ring)
MPRegen  0.08/turn              (no ring)

@: no status effects
A: small, no large weapons, nightstalker 3
a: no special abilities


You were on level 1 of the Dungeon.
You visited 1 branch of the dungeon, and saw 1 of its levels.

Inventory:

Hand Weapons
 a - a +1 hand crossbow
 b - a +0 short sword (weapon)
Missiles
 d - 42 bolts
Armour
 c - a +0 leather armour (worn)
Scrolls
 h - a scroll of fog {unknown}
 i - a scroll of identify {unknown}
 j - 3 scrolls of teleportation {unknown}
Potions
 e - a potion of degeneration {unknown}
 f - a potion of mutation {unknown}
 g - a potion of haste {unknown}


   Skills:
 - Level 2.1 Fighting
 * Level 1.6 Short Blades
 * Level 5.1 Crossbows
 - Level 2.4 Dodging
 + Level 2.0 Stealth


You had one spell level left.
You didn't know any spells.
Your spell library was empty.

Dungeon Overview and Level Annotations

Branches:
Dungeon (1/15)

Altars:


Innate Abilities, Weirdness & Mutations

You are small and have problems with some larger weapons.
You are completely attuned to the shadows.


Message History

The endoplasm quivers.
b - a +0 short sword (weapon)
You hit the quokka.
The quokka is moderately wounded.
The quokka closely misses you.
You closely miss the quokka.
The quokka is moderately wounded.
The quokka bites you.
You barely miss the quokka.
The quokka is moderately wounded.
The endoplasm freezes you.
You are frozen.
The quokka bites you.
You miss the quokka.
The quokka is moderately wounded.
The quokka bites you. The endoplasm freezes you.
You are frozen.
You hit the endoplasm.
The endoplasm is heavily wounded.
The quokka closely misses you.
The endoplasm hits you but does no damage.
The quokka bites you.
You hit the endoplasm.
You kill the endoplasm!
The quokka misses you.
Your Stealth skill increases to level 2!
You barely miss the quokka.
The quokka is moderately wounded.
The quokka bites you.
* * * LOW HITPOINT WARNING * * *
You hit the quokka but do no damage.
The quokka is moderately wounded.
The quokka closely misses you.
You closely miss the quokka.
The quokka is moderately wounded.
The quokka closely misses you.
You completely miss the quokka.
The quokka is moderately wounded.
The quokka completely misses you. The quokka bites you.
You die...

.##... ...
....####.§
#....##.§
......#
#####..#..#.§
(.....#
##.....###....
......
..............
.....##
#..#..########
....r.###.##.##
#
.....@....#..#
..........#.##
..........#.#
..........#.#
###
...........#
#####..
........###
##.....#
......#
##..#####
.....#
#........ ....
#########


You could see a quokka.

Vanquished Creatures
  2 endoplasms (D:1)
  A giant cockroach (D:1)
  3 goblins (D:1)
  2 hobgoblins (D:1)
  A jackal (D:1)
  A quokka (D:1)
  A bat (D:1)
  A frilled lizard (D:1)
12 creatures vanquished.

Notes
Turn   | Place    | Note
-------+----------+-------------------------------------------
     0 | D:1      | Urokeeper the Kobold Hunter began the quest for the Orb.
     0 | D:1      | Reached XP level 1. HP: 12/12 MP: 1/1
   153 | D:1      | Reached skill level 1 in Short Blades
   153 | D:1      | Reached skill level 5 in Crossbows
   156 | D:1      | Reached XP level 2. HP: 13/17 MP: 2/2
   602 | D:1      | Slain by a quokka

Illustrated notes

Levels and vault maps discovered:
D:1:      minmay_arrival_five_plusses, layout_rooms, st_stairs_3, minmay_cut_off

Skill      XL: |  1  2 |
---------------+-------+-----
Short Blades   | 1 |  1.6
Crossbows      | 5 |  5.1
Stealth        | 2 |  2.0
Fighting       | |  2.1
Dodging        | |  2.4

Action                   || total
-------------------------++-------
Melee: Short sword       ||    10
 Fire: Hand crossbow     ||    28
Armor: Leather armour    ||     3
Dodge: Dodged            ||    15
